 Dungeon Crawl Stone Soup version 0.31-a0-1010-g5322dac6a2 (webtiles) character file.

Game seed: 3404334834369442436

110 kae the Vexing (level 4, 0/25 (30) HPs)
             Began as a Demonspawn Enchanter on Nov 16, 2023.
             Slain by a gnoll
             ... wielding a +0 flail
              (10 damage)
             ... on level 4 of the Dungeon.
             The game lasted 00:02:57 (3075 turns).

kae the Vexing (Demonspawn Enchanter)               Turns: 3075, Time: 00:02:58

HP:   0/25 (30)     AC:  2    Str: 10    XL:     4   Next: 61%
MP:   7/7           EV: 12    Int: 16    God:
Gold: 142           SH:  0    Dex: 14    Spells: 6/8 levels left

rFire   . . .        g - +2 dagger (drain)
rCold   . . .        (no shield)
rNeg    . . .        b - +0 robe
rPois   .            (no helmet)
rElec   .            (no cloak)
rCorr   .            (no gloves)
SInv    .            (no boots)
Will    .....        (no amulet)
Stlth   ++           (no ring)
HPRegen 0.24/turn    (no ring)
MPRegen 0.10/turn

%: no passive effects
@: heavily drained
A: claws 1, demonic guardian 1, ignite blood 1
a: no special abilities


You were on level 4 of the Dungeon.
You visited 1 branch of the dungeon, and saw 4 of its levels.

You collected 142 gold pieces.


Innate Abilities, Weirdness & Mutations

You have sharp fingernails.
A weak demonic guardian rushes to your aid.
Your demonic aura sometimes causes spilled blood to erupt in flames.


   Skills:
 * Level 2.5 Short Blades
 - Level 1.7 Dodging
 + Level 3.3 Stealth
 + Level 2.5 Spellcasting
 + Level 3.4 Hexes
 + Level 0.8 Ice Magic


You had 6 spell levels left.
You knew the following spells:

 Your Spells              Type           Power      Damage    Failure   Level
a - Ensorcelled Hibernat  Hex/Ice        18%        N/A       12%         2

Your spell library contained the following spells:

 Spells                   Type           Power      Damage    Failure   Level
 Confusing Touch          Hex            13%        N/A       14%         3
 Tukima's Dance           Hex            13%        N/A       14%         3
 Summon Small Mammal      Summ           8%         N/A       21%         1
 Dazzling Flash           Conj/Hex       14%        N/A       28%         3
 Summon Guardian Golem    Hex/Summ       7%         N/A       28%         3
 Call Canine Familiar     Summ           2%         N/A       52%         3

Inventory:

Hand Weapons
 a - a +1 dagger
 g - a +2 dagger of draining (weapon)
   (You took it off a goblin on level 3 of the Dungeon)
Missiles
 i - 24 stones
 o - 2 boomerangs
Armour
 b - a +0 robe (worn)
Magical Staves
 d - a staff of death {!a}
   (You found it on level 1 of the Dungeon)
Jewellery
 R - a ring of resist corrosion
   (You found it on level 4 of the Dungeon)
Scrolls
 e - 2 scrolls of identify {@r1}
 f - 3 scrolls of teleportation {@r4}
Potions
 c - 2 potions of invisibility
 h - 2 potions of degeneration {!q}
 j - a potion of haste {unknown}
 l - 2 potions of curing {@q1}
 n - a potion of lignification {unknown}
 p - a potion of heal wounds {@q2}

Dungeon Overview and Level Annotations

Branches:
Dungeon (4/15) Zot: 20931
 Temple: D:4-7

Altars:
Gozag
Uskayaw
Yredelemnul

Annotations:
D:2 Sigmund

###...##########.
##.......####
#...........#
#........##.#
#.##...####.#
#.##...# #.#
#.###.## #.# #.#
#.#####.##########
#.#
#.........@gggJ..#
#.#
#######.########..
#.# #.# #.# #.#
..# ##


You could see a jelly and 3 gnolls.


Message History

You climb downwards.
There is a stone staircase leading up here.
There are monsters nearby!
There are monsters nearby!
There are monsters nearby!
You hit the endoplasm.
An endoplasm is nearby!
You hit the endoplasm.
You kill the endoplasm!
No target in view!
No target in view!
No target in view!
e - a scroll of identify {@r1} No target in view!
No target in view!
There is a stone staircase leading up here.
A kobold is nearby!
The kobold shouts!
A kobold is nearby!
You completely miss the kobold. The kobold hits you with a +0 dagger.
You hit the kobold but do no damage. You drain the kobold.
You kill the kobold! 😕 HP[-2]
You take 2 damage, and now have 23/25 hp.
Things that are here:
a +0 dagger; a kobold corpse
e - 2 scrolls of identify {@r1} (gained 1)
A hobgoblin comes into view. 😎 HP[+2]
Your hp is fully restored (25).
A goblin comes into view. It is wielding a +0 club.
The hobgoblin hits you but does no damage.
There are monsters nearby!
You hit the hobgoblin. You drain the hobgoblin.
You kill the hobgoblin!
You see here a +0 leather armour.
A goblin is nearby!
A goblin is nearby!
A goblin is nearby!
The goblin shouts!
The goblin hits you but does no damage.
You hit the goblin.
You kill the goblin!
You see here a +0 leather armour.
An endoplasm comes into view.
You see here a viscous white potion.
An endoplasm is nearby!
The helpless endoplasm fails to defend itself.
You puncture the endoplasm!
You kill the endoplasm!
j - a viscous white potion No target in view!
No target in view!
A ball python comes into view.
A ball python is nearby!
A ball python is nearby!
The helpless ball python fails to defend itself.
You impale the ball python!!
You kill the ball python!
You see here a ball python corpse.
l - 2 potions of curing {@q1} (gained 1)
Found a stone staircase leading up.
No target in view!
No target in view!
There is a stone staircase leading up here.
i - 24 stones (gained 6)
R - a ring of resist corrosion An endoplasm comes into view.
Found a stone staircase leading down.
A ball python comes into view.
There are monsters nearby!
The ball python hisses angrily.
The endoplasm quivers.
There are monsters nearby!
The teleport trap disappears.
The ball python disappears!
The endoplasm hits you but does no damage.
You hit the endoplasm. You drain the endoplasm.
You kill the endoplasm!
You now have 142 gold pieces (gained 8). 2 gnolls come into view.
A gnoll comes into view. It is wielding a +0 flail.
There are monsters nearby!
The gnoll shouts! x2
The gnoll shouts!
You hit the gnoll.
A jelly comes into view.
The gnoll hits you with a +0 flail!
There are monsters nearby! 😮 HP[-8]
You take 8 damage, and now have 17/25 hp.
MASSIVE DAMAGE!! (PAUSE)
You hit the gnoll. You drain the gnoll. You hit the gnoll.
You barely miss the gnoll. The gnoll hits you with a +0 flail!
* * * LOW HITPOINT WARNING * * *
😨 HP[-7]
You take 7 damage, and now have 10/25 hp.
MASSIVE DAMAGE!! (PAUSE)
You barely miss the gnoll. The gnoll hits you with a +0 flail!
You die...

Skill      XL: |  1  2  3 |
---------------+----------+-----
Short Blades   | 1 2 |  2.5
Stealth        | 3 |  3.3
Dodging        | |  1.7
Spellcasting   | |  2.5
Hexes          | |  3.4
Ice Magic      | |  0.8

Action                     |  1- 3 |  4- 6 || total
---------------------------+-------+-------++-------
  Melee: Dagger            |   139 |    70 ||   209
   Cast: Ensorcelled Hiber |     5 |     7 ||    12
    Use: Potion            |     3 |     1 ||     4
         Scroll            |       |     6 ||     6
   Stab: Sleeping          |     9 |     7 ||    16
 Armour: Robe              |    78 |    45 ||   123
  Dodge: Dodged            |    92 |    33 ||   125

Levels and vault maps discovered:
D:1:      ncdulo_wetmaze, layout_basic, shapermc_ecumenical_altar_petra
D:2:      layout_rooms, uniq_sigmund
D:3:      layout_loops_ring, yredelemnul_altar_generic,
          overflow_temple_1_default, eat_drink_and_be_merry_uskayaw, uniq_robin
D:4:      layout_loops_ring, nicolae_sif_muna_little_library,
          nicolae_ru_awakened_eye

Notes
Turn   | Place    | Note
-------+----------+-------------------------------------------
     0 | D:1      | kae the Demonspawn Enchanter began the quest for the Orb.
     0 | D:1      | Reached XP level 1. HP: 13/13 MP: 3/3
     0 | D:1      | magus.rc [v1.11.3]
    51 | D:1      | Reached skill level 1 in Short Blades
   256 | D:1      | Gained mutation: Your demonic aura sometimes causes spilled
                  | blood to erupt in flames. [demonic ancestry]
   256 | D:1      | Reached XP level 2. HP: 18/19 MP: 5/5
   288 | D:1      | Found a faded altar of an unknown god.
   729 | D:1      | You fall into a shaft and drop 1 floor!
   775 | D:2      | Learned a level 2 spell: Ensorcelled Hibernation
   819 | D:2      | Reached skill level 3 in Stealth
   941 | D:1      | You pick up a book of Callings and begin reading...
   941 | D:1      | You add the spells Summon Small Mammal, Call Canine
                  | Familiar and Summon Guardian Golem to your library.
  1182 | D:2      | Noticed Sigmund
  1194 | D:1      | Gained mutation: You have sharp fingernails. [demonic
                  | ancestry]
  1194 | D:1      | Reached XP level 3. HP: 16/24 MP: 6/6
  1264 | D:1      | HP: 6/24 [poisoned by an adder]
  1563 | D:2      | Reached skill level 2 in Short Blades
  1816 | D:3      | Found an opulent altar of Gozag.
  1936 | D:3      | Found a basalt altar of Yredelemnul.
  2010 | D:3      | HP: 2/24 [hobgoblin[Robin] (5)]
  2015 | D:3      | HP: 6/24 [hobgoblin[Robin] (1)]
  2029 | D:3      | Gained mutation: A weak demonic guardian rushes to your
                  | aid. [demonic ancestry]
  2029 | D:3      | Reached XP level 4. HP: 9/30 MP: 7/7
  2044 | D:3      | HP: 6/30 [adder (3)]
  2568 | D:3      | Found a hide-covered altar of Uskayaw.
  2853 | D:4      | Identified the "Goamusuwk"
  2853 | D:4      | Identified the "Wamethash"
  2853 | D:4      | Identified the "Soodghyo"
  3075 | D:4      | Slain by a gnoll

Vanquished Creatures
  2 adders
  A worm (D:2)
  A dart slug (D:1)
  5 orcs (D:3)
  4 ball pythons
  4 bats
  6 endoplasms
  5 giant cockroaches
  12 goblins
  9 hobgoblins
  5 kobolds
  A quokka (D:2)
  2 frilled lizards (D:1)
  4 rats
61 creatures vanquished.

Vanquished Creatures (collateral kills)
  An adder (D:3)
  2 goblins (D:3)
3 creatures vanquished.

Grand Total: 64 creatures vanquished

Table legend:
 A = Non-vault XP
 B = Vault XP
 C = Vault XP percentage of total XP
 D = Non-vault monster count
 E = Vault monster count
 F = Vault count percentage of total count
                 A         B        C        D         E       F
            +---------+---------+-------+---------+---------+-------
      Total |     141 |      17 |  10.8 |      55 |       9 |  14.1
            +---------+---------+-------+---------+---------+-------
        D:1 |      47 |       0 |   0.0 |      19 |       0 |   0.0
        D:2 |      21 |       0 |   0.0 |      10 |       0 |   0.0
        D:3 |      61 |      17 |  21.8 |      19 |       9 |  32.1
        D:4 |      12 |       0 |   0.0 |       7 |       0 |   0.0
            +---------+---------+-------+---------+---------+-------

Skill      XL: |  1  2  3 |
---------------+----------+-----
Short Blades   | 1 2 |  2.5
Stealth        | 3 |  3.3
Dodging        | |  1.7
Spellcasting   | |  2.5
Hexes          | |  3.4
Ice Magic      | |  0.8

Action                     |  1- 3 |  4- 6 || total
---------------------------+-------+-------++-------
  Melee: Dagger            |   139 |    70 ||   209
   Cast: Ensorcelled Hiber |     5 |     7 ||    12
    Use: Potion            |     3 |     1 ||     4
         Scroll            |       |     6 ||     6
   Stab: Sleeping          |     9 |     7 ||    16
 Armour: Robe              |    78 |    45 ||   123
  Dodge: Dodged            |    92 |    33 ||   125

Illustrated notes

Table legend:
 A = Kills in this place as a percentage of kills in the entire game.
 B = Kills by you in this place as a percentage of kills by you in the entire game.
 C = Kills by friends in this place as a percentage of kills by friends in the entire game.
 D = Other kills in this place as a percentage of other kills in the entire game.
 E = Experience gained in this place as a percentage of experience gained in the entire game.
 F = Experience gained in this place divided by the number of levels of this place that you have seen.
                   A       B       C       D       E      F
               +-------+-------+-------+-------+-------+----------------------
         Total | 100.0 | 100.0 | 100.0 |   N/A | 100.0 |  39.5
       Dungeon | 100.0 | 100.0 | 100.0 |   N/A | 100.0 |  39.5
               +-------+-------+-------+-------+-------+----------------------

Table legend: (Time is in decaauts)
 A = Elapsed time spent in this place.
 B = Non-inter-level travel time spent in this place.
 C = Inter-level travel time spent in this place.
 D = Time resting spent in this place.
 E = Time spent auto-exploring this place.
 F = Levels seen in this place.
 G = Mean time per level.
                   A        B        C        D        E       F      G
               +--------+--------+--------+--------+--------+-----+--------+
         Total |   3067 |   2947 |    120 |    212 |   2066 |   4 |  766.8 |
       Dungeon |   3067 |   2947 |    120 |    212 |   2066 |   4 |  766.8 |
               +--------+--------+--------+--------+--------+-----+--------+

Top non-repeatable levels by time:
     D:1: 1256 daAuts
     D:3: 1133 daAuts
     D:2: 458 daAuts
     D:4: 220 daAuts
